 Dungeon Crawl Stone Soup version 0.17.0-22-g5edae84 (webtiles) character file.

62 HaroldButt the Insei (level 3, 0/27 HPs)
             Began as a Demigod Transmuter on Nov 12, 2015.
             Slain by a kobold
             ... wielding a +0 short sword
              (2 damage)
             ... on level 3 of the Dungeon.
             The game lasted 00:07:17 (2017 turns).

HaroldButt the Insei (Demigod Transmuter)           Turns: 2017, Time: 00:07:18

Health: 0/27       AC:  2    Str: 13    XL:     3   Next: 60%
Magic:  8/8        EV: 12    Int: 17    God:
Gold:   29         SH:  0    Dex: 18    Spells: 2 memorised, 2 levels left

rFire  . . .     SeeInvis .       - Unarmed
rCold  . . .     Clarity  .     b - +0 robe
rNeg   . . .     SustAt   +     (no shield)
rPois  .         Gourm    .     (no helmet)
rElec  .         Spirit   .     (no cloak)
rCorr  .         Warding  .     (no gloves)
rMut   .         Stasis   .     (no boots)
MR     .....                    (no amulet)
Stlth  ++........               (no ring)
                                (no ring)

@: lethally poisoned (0 -> -25), not resistant to hostile enchantments,
unstealthy
A: high mp 1, sustain attributes
a: no special abilities


You were on level 3 of the Dungeon.
You were not hungry.

You visited 1 branch of the dungeon, and saw 3 of its levels.

You collected 29 gold pieces.

Inventory:

Missiles
 a - 12 arrows
 h - 89 stones (quivered)
Armour
 b - a +0 robe (worn)
Wands
 p - a wand of confusion (20)
Scrolls
 g - 2 scrolls of identify {unknown}
 j - a scroll of recharging {unknown}
 k - a scroll of immolation {unknown}
 n - a scroll of blinking {unknown}
 q - a scroll of magic mapping {unknown}
Potions
 i - a potion of agility {unknown}
 l - a potion of experience {unknown}
 m - a potion of curing {unknown}
Books
 c - a book of Changes

   Spells                             Type                      Level
   a - Beastly Appendage              Transmutation                1
   b - Sticks to Snakes               Transmutation                2
   c - Spider Form                    Transmutation/Poison         3
   d - Ice Form                       Ice/Transmutation            4
   e - Blade Hands                    Transmutation                5
Comestibles
 d - 3 bread rations
 o - 3 chunks of flesh


   Skills:
 - Level 0.8 Fighting
 - Level 1.7 Dodging
 * Level 3.9 Unarmed Combat
 - Level 1.7 Spellcasting
 + Level 2.5 Transmutations


You had 2 spell levels left.
You knew the following spells:

 Your Spells              Type           Power        Failure   Level  Hunger
a - Beastly Appendage     Trmt           ##....       10%         1    #......
b - Sticks to Snakes      Trmt           ##........   14%         2    ###....


Dungeon Overview and Level Annotations

Branches:
Dungeon (3/15)

Annotations:
D:2 Sigmund


Innate Abilities, Weirdness & Mutations

You have an increased reservoir of magic (+10% MP).
Your attributes are resistant to harm.


Message History

The orc throws a tomahawk.
The tomahawk misses you.
The kobold throws a stone.
The stone barely misses you.
You feel sick.
You see here a stone.
You hit the kobold but do no damage.
You feel very sick.
You bump into the rock wall.
You feel less invigorated.
You feel less confused.
You feel sick. The kobold hits you with a short sword.
You closely miss the kobold.
You feel sick. The kobold barely misses you.
You closely miss the kobold.
You feel sick. The quokka bites you. The kobold hits you with a short sword.
* * * LOW HITPOINT WARNING * * *
You hit the kobold.
The kobold is heavily wounded.
* * * LOW HITPOINT WARNING * * *
You feel sick. The quokka bites you.
* * * LOW HITPOINT WARNING * * *
The kobold hits you with a short sword.
You die...

........##.......# ....
#.. #............###...##
..#####..#..l...##...#..#
..#..........K.(.........
.....########.Kg.....#
..S...# #####..#....
......# #..## # <..>..#
#K## .....## ###@# ######
#..r# #..o# ....o..
#......... ###(.#..r...
#..#...... ####....o.
...o..


You could see 2 orcs, a quokka and a kobold.

Vanquished Creatures
  3 adders (D:2)
  An ooze (D:2)
  3 giant geckos
  An orc (D:2)
  4 bats (D:2)
  A giant cockroach (D:2)
  4 goblins
  3 hobgoblins (D:2)
  3 kobolds
  A ball python (D:2)
  2 giant newts (D:2)
  5 rats
31 creatures vanquished.

Notes
Turn   | Place    | Note
--------------------------------------------------------------
     0 | D:1      | HaroldButt the Demigod Transmuter began the quest for the Orb.
     0 | D:1      | Reached XP level 1. HP: 15/15 MP: 5/5
   172 | D:1      | Reached skill level 3 in Unarmed Combat
   631 | D:2      | Found a blossoming altar of Fedhas.
   639 | D:2      | Reached XP level 2. HP: 17/22 MP: 7/7
  1169 | D:2      | Reached XP level 3. HP: 11/27 MP: 5/8
  1198 | D:2      | Learned a level 2 spell: Sticks to Snakes
  1964 | D:2      | Noticed Sigmund
  2017 | D:3      | Slain by a kobold

Action                   || total
-------------------------++-------
Melee: Unarmed           ||   144
Throw: Stone             ||    22
 Cast: Beastly Appendage ||     5
  Use: Potion            ||     2
 Stab: Sleeping          ||     2
  Eat: Chunk             ||     1
       Meat ration       ||     1
